 Dungeon Sprint DCSS version 0.19-a0-1920-g83281cb (webtiles) character file.

1530 Naow the Covert (level 8, -1/36 HPs)
             Began as a Spriggan Enchanter on Oct 23, 2016.
             Was an Elder of Dithmenos.
             Slain by a komodo dragon (22 damage)
             ... in the Dungeon (Sprint IX: "|||||||||||||||||||||||||||||").
             The game lasted 00:02:47 (563 turns).

Naow the Covert (Spriggan Enchanter)                 Turns: 563, Time: 00:02:48

Health: -1/36      AC:  4    Str:  6    XL:     8   Next: 55%
Magic:  16/24      EV: 22    Int: 16    God:    Dithmenos [****..]
Gold:   1          SH:  0    Dex: 17    Spells: 4 memorised, 21 levels left

rFire  . . .     SeeInvis +     a - +1 dagger
rCold  . . .     Gourm    .     b - +1 robe
rNeg   . . .     Faith    .     (shield restricted)
rPois  .         Spirit   .     (helmet restricted)
rElec  .         Reflect  .     n - +0 cloak
rCorr  .         Harm     .     (gloves unavailable)
MR     +....     NoTele   +     (boots unavailable)
Stlth  +++++++++.               (no amulet)
                                p - +2 ring of evasion
                                o - +2 ring of evasion

@: wreathed by umbra, very quick
A: unfitting armour, see invisible, herbivore 3, speed 3, slow metabolism 2
a: Shadow Step, Renounce Religion


You were in the Dungeon.
You worshipped Dithmenos.
Dithmenos was greatly pleased with you.
You were not hungry.

You visited 1 branch You collected 1 gold pieces.

Inventory:

Hand Weapons
 a - a +1 dagger (weapon)
Missiles
 w - 20 poisoned needles
Armour
 b - a +1 robe (worn)
 n - a +0 cloak (worn)
Jewellery
 o - a +2 ring of evasion (left hand)
 p - a +2 ring of evasion (right hand)
 s - an uncursed ring of protection from fire
Wands
 m - a wand of acid (7/15)
Scrolls
 j - 4 scrolls of blinking
 k - 3 scrolls of remove curse
 l - 2 scrolls of amnesia
 t - 4 scrolls of enchant weapon
 u - a scroll of recharging
 v - a scroll of identify
Potions
 e - 6 potions of curing
 f - a potion of invisibility
 g - 2 potions of haste
 h - 4 potions of magic
 i - 4 potions of heal wounds
 q - a potion of cure mutation
 r - a potion of brilliance
Books
 c - a book of Maledictions

   Spells                             Type                      Level
   a - Corona                         Hexes                        1
   b - Ensorcelled Hibernation        Hexes/Ice                    2
   c - Confuse                        Hexes                        3
   d - Tukima's Dance                 Hexes                        3
   e - Dazzling Spray                 Conjuration/Hexes            3
Comestibles
 d - a bread ration


   Skills:
 + Level 10.5 Short Blades
 - Level 3.0 Dodging
 + Level 14.7 Stealth
 + Level 11.6 Spellcasting
 + Level 11.9 Hexes


You had 21 spell levels left.
You knew the following spells:

 Your Spells              Type           Power        Failure   Level  Hunger
a - Corona                Hex            #####..      1%          1    None
b - Ensorcelled Hibernat  Hex/Ice        ####..       1%          2    None
c - Tukima's Dance        Hex            #####...     1%          3    None
d - Confuse               Hex            #####...     1%          3    None


Dungeon Overview and Level Annotations

Branches:
Dungeon (1/1)

Altars:
Cheibriados
Dithmenos
Elyvilon
Fedhas
Gozag
Hepliaklqana
Kikubaaqudgha
Makhleb
Nemelex Xobeh
Okawaru
Qazlal
Ru
Sif Muna
Trog
Uskayaw
Vehumet
Xom
Yredelemnul
Zin
The Shining One
Beogh
Jiyva
Lugonu


Innate Abilities, Weirdness & Mutations

You are very small and have problems with some larger weapons.
You are too small for most types of armour.
You have supernaturally acute eyesight. (SInv)
You are a herbivore.
You cover ground extremely quickly.
You need consume almost no food.


Message History

Aim: a komodo dragon (umbra, chance to defeat MR: 39%)
The komodo dragon easily resists.
Your shadow mimicks your spell!
The komodo dragon easily resists.
The komodo dragon barely misses you.
You hit the komodo dragon.
The komodo dragon is lightly wounded.
Casting: Ensorcelled Hibernation
Confirm with . or Enter, or press ? or * to list all spells.
Aiming: Ensorcelled Hibernation
Press: ? - help, Shift-Dir - straight line, f/p - komodo dragon
Aim: a komodo dragon (lightly wounded, umbra, chance to defeat MR: 39%)
The komodo dragon easily resists.
The komodo dragon bites you!
Casting: Ensorcelled Hibernation
Confirm with . or Enter, or press ? or * to list all spells.
Aiming: Ensorcelled Hibernation
Press: ? - help, Shift-Dir - straight line, f/p - komodo dragon
Aim: a komodo dragon (lightly wounded, umbra, chance to defeat MR: 39%)
The komodo dragon easily resists.
The komodo dragon bites you!!
Ouch! That really hurt!
You die...

▓_▓.▓
▓_▓.▓.▓
▓_▓.▓F▓
▓_▓.▓S▓
▓_▓.▓S▓
▓_▓.▓r▓
▓_▓.▓Y▓
▓_▓.▓l▓
▓_▓.▓@▓
▓_▓.▓†▓
▓_▓.▓'▓
▓_▓.▓.▓
▓_▓.▓.▓
▓_▓.▓.▓
▓_▓.▓.▓
▓'▓.▓.▓
▓.▓.▓.▓


You could see a komodo dragon, a yak, 2 water moccasins, a bullfrog and a
porcupine.

Vanquished Creatures
  An unseen horror (D)
  A two-headed ogre (D)
  A yak (D)
  A soldier ant (D)
  A porcupine (D)
  2 centaurs (D)
  2 bullfrogs (D)
  2 crimson imps (D)
  2 orc wizards (D)
  An iguana (D)
  A worker ant (D)
  An adder zombie (D)
  An orc (D)
  A bat skeleton (D)
  2 giant cockroaches (D)
  A jackal (D)
  A quokka (D)
  A frilled lizard (D)
  2 rats (D)
25 creatures vanquished.

Notes
Turn   | Place    | Note
-------+----------+-------------------------------------------
     0 | D        | Naow the Spriggan Enchanter began the quest for the Orb.
     0 | D        | Reached XP level 1. HP: 9/9 MP: 5/5
    13 | D        | Reached skill level 5 in Stealth
    30 | D        | Noticed a crimson imp
    30 | D        | Noticed an orc wizard
    30 | D        | Noticed a worker ant
    32 | D        | Killed a worker ant
    32 | D        | Reached skill level 6 in Stealth
    32 | D        | Reached skill level 5 in Hexes
    32 | D        | Reached XP level 2. HP: 11/13 MP: 6/8
    32 | D        | Reached XP level 3. HP: 13/16 MP: 6/9
    56 | D        | Reached skill level 7 in Stealth
    56 | D        | Reached skill level 5 in Spellcasting
    67 | D        | Reached skill level 8 in Stealth
    67 | D        | Reached XP level 4. HP: 21/21 MP: 9/12
   118 | D        | Learned a level 2 spell: Ensorcelled Hibernation
   122 | D        | Learned a level 3 spell: Tukima's Dance
   126 | D        | Learned a level 3 spell: Confuse
   129 | D        | Found a roughly hewn altar of Beogh.
   129 | D        | Found a snail-covered altar of Cheibriados.
   129 | D        | Found a shadowy altar of Dithmenos.
   129 | D        | Found a white marble altar of Elyvilon.
   129 | D        | Found a blossoming altar of Fedhas.
   129 | D        | Found an opulent altar of Gozag.
   130 | D        | Found a hazy altar of Hepliaklqana.
   131 | D        | Found a viscous altar of Jiyva.
   132 | D        | Found an ancient bone altar of Kikubaaqudgha.
   133 | D        | Found a corrupted altar of Lugonu.
   134 | D        | Became a worshipper of Dithmenos the Shadowed
   135 | D        | Found a burning altar of Makhleb.
   136 | D        | Found a sparkling altar of Nemelex Xobeh.
   137 | D        | Found an iron altar of Okawaru.
   138 | D        | Found a stormy altar of Qazlal.
   139 | D        | Found a sacrificial altar of Ru.
   140 | D        | Found a deep blue altar of Sif Muna.
   141 | D        | Found a bloodstained altar of Trog.
   142 | D        | Found a hide-covered altar of Uskayaw.
   143 | D        | Found a radiant altar of Vehumet.
   144 | D        | Found a shimmering altar of Xom.
   145 | D        | Found a basalt altar of Yredelemnul.
   146 | D        | Found a glowing silver altar of Zin.
   147 | D        | Found a glowing golden altar of the Shining One.
   175 | D        | Noticed a centaur
   175 | D        | Noticed a bullfrog
   175 | D        | Noticed a two-headed ogre
   177 | D        | Killed a two-headed ogre
   177 | D        | Reached skill level 10 in Stealth
   177 | D        | Reached XP level 5. HP: 24/24 MP: 12/16
   177 | D        | Reached XP level 6. HP: 28/28 MP: 13/18
   179 | D        | Reached skill level 11 in Stealth
   182 | D        | Reached * piety under Dithmenos
   187 | D        | Reached skill level 12 in Stealth
   196 | D        | Reached ** piety under Dithmenos
   416 | D        | Noticed an unseen horror
   416 | D        | Noticed a soldier ant
   418 | D        | Killed a soldier ant
   418 | D        | Reached skill level 10 in Hexes
   418 | D        | Reached XP level 7. HP: 32/32 MP: 21/21
   422 | D        | Reached skill level 10 in Spellcasting
   426 | D        | Killed an unseen horror
   426 | D        | Reached *** piety under Dithmenos
   426 | D        | Reached skill level 10 in Short Blades
   426 | D        | Reached skill level 14 in Stealth
   426 | D        | Reached XP level 8. HP: 36/36 MP: 20/24
   552 | D        | Noticed a komodo dragon
   554 | D        | Reached **** piety under Dithmenos
   563 | D        | Slain by a komodo dragon

Vault maps used:
D:        linesprint

Skill      XL: |  1  2  3  4  5  6  7 |
---------------+----------------------+-----
Spellcasting   | 4 5 8 9 11 | 11.6
Stealth        | 6 8 10 12 14 | 14.7
Short Blades   | 3 4 7 8 10 | 10.5
Hexes          | 5 6 8 10 11 | 11.9
Dodging        | |  3.0

Action                   |  1- 3 |  4- 6 |  7- 9 || total
-------------------------+-------+-------+-------++-------
Melee: Dagger            |    34 |    12 |    13 ||    59
 Cast: Ensorcelled Hiber |       |     3 |     7 ||    10
       Confuse           |       |     2 |       ||     2
  Use: Potion            |     2 |       |       ||     2
 Stab: Sleeping          |     2 |     6 |     7 ||    15
       Confused          |       |     1 |       ||     1
Armor: Robe              |     5 |       |     1 ||     6
Dodge: Dodged            |    17 |     9 |    12 ||    38
